 Dungeon Crawl Stone Soup version 0.28-a0-925-gd5e1996cdb (webtiles) character file.

Game seed: 10111322523729772344

3794 croobank the Cleaver (level 10, -4/81 HPs)
             Began as a Gnoll Cinder Acolyte on Nov 27, 2021.
             Was an Initiate of Ignis.
             Slain by a vampire mosquito (6 damage)
             ... on level 8 of the Dungeon.
             The game lasted 01:11:58 (9242 turns).

croobank the Cleaver (Gnoll Cinder Acolyte)         Turns: 9242, Time: 01:11:58

Health: -4/81      AC: 10    Str: 16    XL:     10   Next: 16%
Magic:  0/18       EV: 16    Int: 13    God:    Ignis [......]
Gold:   376        SH:  0    Dex:  9    Spells: 7/20 levels left

rFire   + . .      SeeInvis +   a - +1 war axe
rCold   . . .      Faith    .   (no shield)
rNeg    . . .      Spirit   +   o - +0 ring mail
rPois   .          Reflect  .   (no helmet)
rElec   .          Harm     .   (no cloak)
rCorr   .          Rampage  .   H - +0 pair of gloves
Will    +....                   g - +0 pair of boots
Stlth   ++........              n - amulet of guardian spirit
HPRegen 0.23/turn               f - +4 ring of evasion
MPRegen 0.16/turn               (no ring)

@: very slightly contaminated
A: fangs 1, strong nose, distributed training, iridescent scales 1, see
invisible, strong-willed 1
a: Renounce Religion


You were on level 8 of the Dungeon.
You worshipped Ignis.
Ignis was noncommittal.
You visited 1 branch of the dungeon, and saw 8 of its levels.

You collected 376 gold pieces.

Inventory:

Hand Weapons
 a - a +1 war axe (weapon)
 d - a +2 flail of protection
 e - a +0 short sword
 k - a +0 dire flail
 p - a +2 dagger of speed
 r - a +0 long sword
 t - a +0 battleaxe
 v - a +2 mace
 y - a +1 trident of protection
 z - a +1 hand axe of flaming
 L - a +2 dagger of venom
Missiles
 c - 81 arrows
 h - 18 bolts
 i - 53 poisoned darts (quivered)
 q - 76 stones
 E - 7 sling bullets
 F - 3 silver javelins
 G - a curare-tipped dart
Armour
 g - a +0 pair of boots (worn)
 l - a +0 kite shield
 o - a +0 ring mail (worn)
 s - a +0 plate armour
 A - a +0 chain mail
 H - a +0 pair of gloves (worn)
Magical Staves
 b - a staff of conjuration
Jewellery
 f - a +4 ring of evasion (left hand)
 n - an amulet of guardian spirit (around neck)
 K - a ring of flight
Wands
 w - a wand of iceblast (13)
 x - a wand of paralysis (14)
Scrolls
 j - a scroll of fear
 m - 2 scrolls of fog
 u - a scroll of identify
Potions
 B - a potion of flight
 I - 2 potions of degeneration
 J - a potion of mutation
 M - a potion of attraction


   Skills:
 + Level 8.3 Fighting
 + Level 5.0 Short Blades
 + Level 5.0 Long Blades
 + Level 8.3 Axes
 + Level 5.0 Maces & Flails
 + Level 5.0 Polearms
 + Level 5.0 Staves
 + Level 5.0 Slings
 + Level 5.0 Bows
 + Level 5.0 Crossbows
 + Level 5.0 Throwing
 + Level 5.0 Armour
 + Level 5.0 Dodging
 + Level 5.0 Stealth
 + Level 5.0 Shields
 + Level 5.0 Unarmed Combat
 + Level 5.8 Spellcasting
 + Level 4.1 Conjurations
 + Level 4.1 Hexes
 + Level 4.1 Summonings
 + Level 4.1 Necromancy
 + Level 4.1 Translocations
 + Level 4.1 Transmutations
 + Level 6.9 Fire Magic
 + Level 4.1 Ice Magic
 + Level 4.1 Air Magic
 + Level 4.1 Earth Magic
 + Level 4.1 Poison Magic
 + Level 5.5 Invocations
 + Level 5.0 Evocations


You had 7 spell levels left.
You knew the following spells:

 Your Spells              Type           Power      Damage    Failure   Level
a - Scorch                Fire           42%        2d7       2%          2
b - Pain                  Necr           56%        1d6       5%          1
c - Animate Skeleton      Necr           28%        N/A       5%          1
d - Magic Dart            Conj           56%        1d5       5%          1
e - Call Imp              Summ           14%        N/A       9%          2
f - Mephitic Cloud        Conj/Pois/Air  14%        N/A       17%         3
g - Vampiric Draining     Necr           14%        2d7       17%         3

Your spell library contained the following spells:

 Spells                   Type           Power      Damage    Failure   Level
 Static Discharge         Conj/Air       14%        N/A       9%          2
 Sticky Flame             Conj/Fire      18%        2d4       30%         4
 Dispel Undead            Necr           14%        3d10      50%         4


Dungeon Overview and Level Annotations

Branches:
Dungeon (8/15)             Temple (0/1) D:7
   Lair: D:8-11

Altars:


Innate Abilities, Weirdness & Mutations

You have very sharp teeth.
Your uncanny sense of smell can sniff out nearby items.
Your experience applies equally to all skills.
You are partially covered in iridescent scales. (AC +2)
You have supernaturally acute eyesight. (SInv)
You are strong-willed. (Will+)


Message History

You catch the helpless vampire mosquito completely off-guard!
You hit the vampire mosquito but do no damage.
The vampire mosquito barely misses you. The vampire mosquito bites you!
* * * LOW HITPOINT WARNING * * *
The vampire mosquito draws strength from your injuries!
The vampire mosquito barely misses you. The vampire mosquito misses you.
Your crimson imp hits the vampire mosquito.
Okay, then.
Casting: Scorch (safe; 2% risk of failure)
Confirm with . or Enter, or press ? or * to list all spells.
Okay, then.
Casting: Scorch (safe; 2% risk of failure)
Confirm with . or Enter, or press ? or * to list all spells.
Aiming: Magic Dart (safe; 5% risk of failure)
Press: ? - help, Shift-Dir - straight line, f - vampire mosquito
Aim: a vampire mosquito (severely damaged, more vulnerable to fire, 100% to hit)
You miscast Magic Dart.
You are very lightly contaminated with residual magic.
Nothing appears to happen.
The vampire mosquito is no longer more vulnerable to fire.
The vampire mosquito bites you!
* * * LOW HITPOINT WARNING * * *
The vampire mosquito draws strength from your injuries!
The vampire mosquito bites you but does no damage.
Your crimson imp blinks!
The vampire mosquito misses you. The vampire mosquito bites you.
* * * LOW HITPOINT WARNING * * *
The vampire mosquito draws strength from your injuries!
Unknown command.
The vampire mosquito misses you.
The vampire mosquito closely misses you.
The vampire mosquito misses you.
The vampire mosquito is no longer more vulnerable to fire.
The vampire mosquito barely misses you.
The vampire mosquito completely misses you.
The vampire mosquito bites you!
* * * LOW HITPOINT WARNING * * *
The vampire mosquito draws strength from your injuries!
The vampire mosquito bites you.
You die...

.. #. #.
#####.###
........# #..<#
#.##...#
#....yy#
#..##5@#
...............
........#######
.#..#.#.#
....#.#.# ...
..... .# #.....
∆ .. ...


You could see 2 vampire mosquitoes and a friendly crimson imp (summoned).

Vanquished Creatures
  A hornet (D:6)
  Prince Ribbit (D:5)
  The ghost of timneilson the Shield-Bearer, an amateur GrFi (D:5)
  4 vampire mosquitoes (D:7)
  Duvessa (D:6)
  2 water moccasins
  An ice beast (D:6)
  2 sky beasts
  7 ogres
  A necrophage (D:4)
  2 kobold brigands
  A scorpion (D:6)
  A water moccasin skeleton (D:4)
  Dowan (D:6)
  4 killer bees
  4 wights (D:4)
  2 howler monkeys
  3 centaur zombies
  A hound (D:5)
  2 jellies
  An iguana (D:6)
  A bullfrog skeleton (D:6)
  Jessica (D:2)
  A scorpion zombie (D:5)
  5 orc wizards
  A hound skeleton (D:4)
  A gnoll (D:2)
  4 adders
  A white imp (D:6)
  3 ufetubi
  An adder zombie (D:5)
  3 adder skeletons
  2 worms
  A dart slug (D:2)
  15 orcs
  8 bats
  5 endoplasms
  7 giant cockroaches
  7 goblins
  9 hobgoblins
  A jackal (D:2)
  5 quokkas
  4 ball pythons
  4 frilled lizards
  14 kobolds
  5 rats
152 creatures vanquished.

Vanquished Creatures (collateral kills)
  Edmund (D:6)
  A hound (D:6)
  A white imp (D:6)
3 creatures vanquished.

Vanquished Creatures (others)
  45 foxfires (D:4)
45 creatures vanquished.

Grand Total: 200 creatures vanquished

Notes
Turn   | Place    | Note
-------+----------+-------------------------------------------
     0 | D:1      | croobank the Gnoll Cinder Acolyte began the quest for the
                  | Orb.
     0 | D:1      | Reached XP level 1. HP: 23/23 MP: 4/4
   131 | D:1      | Reached XP level 2. HP: 29/29 MP: 5/5
   286 | D:1      | Learned a level 2 spell: Scorch
   740 | D:1      | Learned a level 1 spell: Pain
   861 | D:1      | Reached XP level 3. HP: 34/35 MP: 0/7
  1448 | D:2      | Noticed Jessica
  1451 | D:2      | Killed Jessica
  1452 | D:2      | Reached skill level 1 in Short Blades
  1452 | D:2      | Reached skill level 1 in Long Blades
  1452 | D:2      | Reached skill level 1 in Maces & Flails
  1452 | D:2      | Reached skill level 1 in Polearms
  1452 | D:2      | Reached skill level 1 in Staves
  1452 | D:2      | Reached skill level 1 in Slings
  1452 | D:2      | Reached skill level 1 in Bows
  1452 | D:2      | Reached skill level 1 in Crossbows
  1452 | D:2      | Reached skill level 1 in Throwing
  1452 | D:2      | Reached skill level 1 in Armour
  1452 | D:2      | Reached skill level 1 in Dodging
  1452 | D:2      | Reached skill level 1 in Stealth
  1452 | D:2      | Reached skill level 1 in Shields
  1452 | D:2      | Reached skill level 1 in Unarmed Combat
  1452 | D:2      | Reached skill level 1 in Invocations
  1452 | D:2      | Reached skill level 1 in Evocations
  1452 | D:2      | Reached XP level 4. HP: 40/41 MP: 1/8
  1887 | D:2      | Reached skill level 1 in Conjurations
  1887 | D:2      | Reached skill level 1 in Hexes
  1887 | D:2      | Reached skill level 1 in Summonings
  1887 | D:2      | Reached skill level 1 in Necromancy
  1887 | D:2      | Reached skill level 1 in Translocations
  1887 | D:2      | Reached skill level 1 in Transmutations
  1887 | D:2      | Reached skill level 1 in Ice Magic
  1887 | D:2      | Reached skill level 1 in Air Magic
  1887 | D:2      | Reached skill level 1 in Earth Magic
  1887 | D:2      | Reached skill level 1 in Poison Magic
  2765 | D:3      | Reached XP level 5. HP: 47/47 MP: 6/9
  3495 | D:4      | Noticed a necrophage
  3500 | D:4      | Killed a necrophage
  3501 | D:4      | Reached XP level 6. HP: 34/53 MP: 3/11
  3845 | D:4      | Noticed timneilson's ghost (amateur GrFi)
  3847 | D:4      | Found a transporter.
  3849 | D:4      | Found a transporter.
  3879 | D:4      | Reached XP level 7. HP: 39/59 MP: 1/12
  4977 | D:5      | Entered Level 5 of the Dungeon
  4987 | D:5      | Killed timneilson's ghost
  4988 | D:5      | Reached XP level 8. HP: 29/67 MP: 9/14
  5321 | D:5      | Noticed Prince Ribbit
  5332 | D:5      | Killed Prince Ribbit
  5846 | D:5      | Learned a level 1 spell: Animate Skeleton
  6150 | D:5      | Reached XP level 9. HP: 63/73 MP: 5/16
  6407 | D:5      | Learned a level 1 spell: Magic Dart
  6410 | D:5      | Learned a level 2 spell: Call Imp
  6414 | D:5      | Learned a level 3 spell: Mephitic Cloud
  6418 | D:5      | Learned a level 3 spell: Vampiric Draining
  6668 | D:6      | Noticed Edmund
  6682 | D:6      | Killed Edmund
  6688 | D:6      | Reached skill level 5 in Spellcasting
  7034 | D:6      | Noticed Dowan
  7037 | D:6      | Noticed Duvessa
  7054 | D:6      | Killed Duvessa
  7058 | D:6      | Killed Dowan
  7256 | D:6      | Gained mutation: You are strong-willed. (Will+) [potion of
                  | mutation]
  7256 | D:6      | Gained mutation: You have supernaturally acute eyesight.
                  | (SInv) [potion of mutation]
  7256 | D:6      | Gained mutation: You are partially covered in iridescent
                  | scales. (AC +2) [potion of mutation]
  7767 | D:7      | Noticed a hornet
  7777 | D:6      | Paralysed by a hornet for 2 turns
  7786 | D:6      | Killed a hornet
  7951 | D:7      | Reached skill level 5 in Invocations
  7951 | D:7      | Found a flagged portal.
  8207 | D:7      | Found a staircase to the Ecumenical Temple.
  8540 | D:7      | Reached XP level 10. HP: 45/80 MP: 2/18
  8550 | D:7      | HP: 3/80 [vampire mosquito (9)]
  8551 | D:7      | HP: 1/80 [vampire mosquito (2)]
  8991 | D:7      | Reached skill level 5 in Short Blades
  8991 | D:7      | Reached skill level 5 in Long Blades
  8991 | D:7      | Reached skill level 5 in Maces & Flails
  8991 | D:7      | Reached skill level 5 in Polearms
  8991 | D:7      | Reached skill level 5 in Staves
  8991 | D:7      | Reached skill level 5 in Slings
  8991 | D:7      | Reached skill level 5 in Bows
  8991 | D:7      | Reached skill level 5 in Crossbows
  8991 | D:7      | Reached skill level 5 in Throwing
  8991 | D:7      | Reached skill level 5 in Armour
  8991 | D:7      | Reached skill level 5 in Dodging
  8991 | D:7      | Reached skill level 5 in Stealth
  8991 | D:7      | Reached skill level 5 in Shields
  8991 | D:7      | Reached skill level 5 in Unarmed Combat
  8991 | D:7      | Reached skill level 5 in Evocations
  9242 | D:8      | HP: 2/81 [vampire mosquito (9)]
  9242 | D:8      | Slain by a vampire mosquito

Illustrated notes

Levels and vault maps discovered:
D:1:      sevenhm_arrival_forest_fort_large_2, layout_loops_ring
D:2:      minmay_thinvault, layout_loops_cross, serial_glass, glass_columns_b,
          glass_columns_b, glass_columns_a, glass_columns_a, glass_columns_b,
          glass_columns_c, glass_columns_c, minmay_misc_feat_ornament,
          uniq_jessica
D:3:      layout_rooms, wander_ebering_terrifying_dragon_lair
D:4:      layout_loops_corners, gammafunk_ghost_smash, serial_park_tiny_2
D:5:      cheibrodos_thug_alley, layout_loops_cross,
          nicolae_elevator_lobby_asterisk, uniq_prince_ribbit1
D:6:      layout_loops_ring, uniq_duvessa, uniq_edmund
D:7:      layout_rooms, minmay_temple_entry_statues, enter_bailey_6,
          chequers_jeans
D:8:      layout_loops_cross, jmf_multi_god_temple, nicolae_ossuary_entry_giza,
          nicolae_transmutations_shop, dk_rats_in_the_wall

Skill      XL: |  1  2  3  4  5  6  7  8  9 10 |
---------------+-------------------------------+-----
Short Blades   | 1 2 3 4 5 |  5.0
Long Blades    | 1 2 3 4 5 |  5.0
Maces & Flails | 1 2 3 4 5 |  5.0
Polearms       | 1 2 3 4 5 |  5.0
Staves         | 1 2 3 4 5 |  5.0
Slings         | 1 2 3 4 5 |  5.0
Bows           | 1 2 3 4 5 |  5.0
Crossbows      | 1 2 3 4 5 |  5.0
Throwing       | 1 2 3 4 5 |  5.0
Armour         | 1 2 3 4 5 |  5.0
Dodging        | 1 2 3 4 5 |  5.0
Stealth        | 1 2 3 4 5 |  5.0
Shields        | 1 2 3 4 5 |  5.0
Unarmed Combat | 1 2 3 4 5 |  5.0
Invocations    | 1 2 3 4 5 |  5.5
Evocations     | 1 2 3 4 5 |  5.0
Spellcasting   | 3 4 5 |  5.8
Conjurations   | 1 2 3 4 |  4.1
Hexes          | 1 2 3 4 |  4.1
Summonings     | 1 2 3 4 |  4.1
Necromancy     | 1 2 3 4 |  4.1
Translocations | 1 2 3 4 |  4.1
Transmutations | 1 2 3 4 |  4.1
Ice Magic      | 1 2 3 4 |  4.1
Air Magic      | 1 2 3 4 |  4.1
Earth Magic    | 1 2 3 4 |  4.1
Poison Magic   | 1 2 3 4 |  4.1
Fighting       | 7 8 |  8.3
Axes           | 7 8 |  8.3
Fire Magic     | 6 |  6.9

Action                   |  1- 3 |  4- 6 |  7- 9 | 10-12 || total
-------------------------+-------+-------+-------+-------++-------
Melee: Hand axe          |    45 |    35 |       |       ||    80
       War axe           |       |    21 |   126 |    35 ||   182
       Bite              |       |     3 |     8 |     1 ||    12
       Punch             |       |       |     6 |       ||     6
Throw: Dart              |       |    15 |    81 |     8 ||   104
 Cast: Scorch            |    17 |    51 |   123 |    14 ||   205
       Pain              |     2 |       |     2 |       ||     4
       Call Imp          |       |       |     4 |     1 ||     5
       Mephitic Cloud    |       |       |     3 |       ||     3
       Magic Dart        |       |       |     1 |       ||     1
Invok: Foxfire Swarm     |       |       |     7 |       ||     7
       Fiery Armour      |       |       |     2 |       ||     2
       Rising Flame      |       |       |       |     1 ||     1
Evoke: Wand              |       |       |     1 |       ||     1
  Use: Potion            |     3 |     1 |     7 |       ||    11
       Scroll            |     1 |     3 |     7 |       ||    11
 Stab: Confused          |       |       |     2 |       ||     2
       Distracted        |       |       |       |     1 ||     1
Armor: Robe              |     8 |     4 |       |       ||    12
       Ring mail         |       |    25 |    57 |    22 ||   104
       Skin              |       |       |     4 |       ||     4
Dodge: Dodged            |    28 |    70 |   162 |    56 ||   316

Table legend: (Time is in decaauts)
 A = Elapsed time spent in this place.
 B = Non-inter-level travel time spent in this place.
 C = Inter-level travel time spent in this place.
 D = Time resting spent in this place.
 E = Time spent auto-exploring this place.
 F = Levels seen in this place.
 G = Mean time per level.
                   A        B        C        D        E       F      G
               +--------+--------+--------+--------+--------+-----+--------+
         Total |   9244 |   9092 |    152 |   1406 |   5445 |   8 | 1155.5 |
       Dungeon |   9244 |   9092 |    152 |   1406 |   5445 |   8 | 1155.5 |
               +--------+--------+--------+--------+--------+-----+--------+

Top non-repeatable levels by time:
     D:4: 1785 daAuts
     D:6: 1775 daAuts
     D:5: 1547 daAuts
     D:2: 1307 daAuts
     D:1: 1154 daAuts
     D:7: 914 daAuts
     D:3: 732 daAuts
     D:8: 26 daAuts
